 Dungeon Crawl Stone Soup version 0.28.0-1-gb440e238dd (webtiles) character file.

Game seed: 5949358996026456328

22340 hikkokomori the Geomancer (level 12, -2/76 HPs)
             Began as a Gargoyle Earth Elementalist on Feb 21, 2022.
             Was a Priest of Vehumet.
             Slain by a blink frog (11 damage)
             ... on level 6 of the Lair of Beasts.
             The game lasted 00:53:35 (18850 turns).

hikkokomori the Geomancer (GrEE)                   Turns: 18850, Time: 00:53:35

Health: -2/76      AC: 17    Str: 16    XL:     12   Next: 99%
Magic:  30/30      EV: 13    Int: 17    God:    Vehumet [***...]
Gold:   421        SH: 10    Dex: 10    Spells: 16/24 levels left

rFire   . . .      SeeInvis .   O - +5 mace (freeze)
rCold   + . .      Faith    .   T - +0 buckler
rNeg    + . .      Spirit   .   o - +2 robe {rC+}
rPois   ∞          Reflect  +   f - +1 hat
rElec   +          Harm     .   j - +0 cloak
rCorr   +          Rampage  +   (no gloves)
Will    .....                   c - +2 pair of boots
Stlth   +++.......              L - amulet of Jopamoos {Reflect Contam Rampage +Inv rPois SH+5}
HPRegen 0.22/turn               m - ring of magical power
MPRegen 0.22/turn               n - ring of resist corrosion

@: studying Slings
A: sickness immunity, AC +8, negative energy resistance 1, electricity
resistance, torment resistance 1, petrification resistance
a: Renounce Religion, Evoke Invisibility


You were on level 6 of the Lair of Beasts.
You worshipped Vehumet.
Vehumet was most pleased with you.
You visited 3 branches of the dungeon, and saw 15 of its levels.

You collected 649 gold pieces.
You spent 228 gold pieces at shops.

Inventory:

Hand Weapons
 t - a +1 flail of holy wrath
 C - a +5 whip of venom
 D - a +0 arbalest
 O - a +5 mace of freezing (weapon)
 P - a +3 morningstar
Missiles
 b - 158 stones
 E - 58 bolts
Armour
 c - a +2 pair of boots (worn)
 e - a +0 robe of willpower
 f - a +1 hat (worn)
 g - a +0 ring mail of poison resistance
 j - a +0 cloak (worn)
 o - a +2 robe of cold resistance (worn)
 w - +0 storm dragon scales
 F - a +0 tower shield
 M - the +3 leather armour of Elyvilon's Favour {rF+}
   (You found it on level 1 of the Lair of Beasts)

   rF:        It protects you from fire.
 T - a +0 buckler (worn)
Magical Staves
 k - a staff of cold
Jewellery
 m - a ring of magical power (left hand)
 n - a ring of resist corrosion (right hand)
 L - the amulet of Jopamoos (around neck) {Reflect Contam Rampage +Inv rPois SH+5}
   (You found it on level 1 of the Lair of Beasts)

   [amulet of reflection]

   It reflects blocked missile attacks.
   rPois:     It protects you from poison.
   +Inv:      It lets you turn invisible.
   Contam:    It causes magical contamination when unequipped.
   SH:        It affects your SH (+5).
   Rampage:   It bestows one free step when moving towards enemies.
 U - a +4 ring of evasion
Wands
 r - a wand of paralysis (10)
 y - a wand of polymorph (21)
 K - a wand of iceblast (16)
 S - a wand of digging (8)
 V - a wand of flame (13)
 X - a wand of mindburst (9)
Scrolls
 a - 2 scrolls of magic mapping
 h - 4 scrolls of teleportation
 l - 3 scrolls of blinking
 p - a scroll of vulnerability
 s - 7 scrolls of fog
 A - 2 scrolls of enchant armour
 B - a scroll of amnesia
 G - a scroll of immolation
 H - 2 scrolls of torment
 I - a scroll of fear
 W - 2 scrolls of identify
Potions
 d - a potion of mutation {unknown}
 i - a potion of might
 q - a potion of magic
 u - 2 potions of curing
 v - a potion of brilliance
 x - a potion of degeneration
 z - 3 potions of attraction
 J - a potion of haste
 N - 4 potions of flight
 Q - a potion of lignification
 Y - a potion of resistance {unknown}
 Z - a potion of invisibility {unknown}
Miscellaneous
 R - a lightning rod (4/4)


   Skills:
 - Level 9.3 Fighting
 + Level 7.2 Dodging
 - Level 6.1 Stealth
 - Level 6.1 Shields
 + Level 6.6 Spellcasting
 - Level 8.0 Conjurations
 - Level 0.7 Transmutations
 - Level 6.4 Fire Magic
 + Level 11.5 Earth Magic
 - Level 5.4 Evocations


You had 16 spell levels left.
You knew the following spells:

 Your Spells              Type           Power      Damage    Failure   Level
a - Sandblast             Erth           88%        2d18      1%          1
b - Stone Arrow           Conj/Erth      76%        3d11      1%          3
c - Passwall              Tmut/Erth      21%        N/A       1%          2
e - Scorch                Fire           54%        2d7       1%          2

Your spell library contained the following spells:

 Spells                   Type           Power      Damage    Failure   Level
 Sticky Flame             Conj/Fire      30%        2d5       2%          4
 Foxfire                  Conj/Fire      100%       2x1d9     1%          1
 Beastly Appendage        Tmut           16%        N/A       12%         1
 Petrify                  Tmut/Erth      26%        N/A       12%         4
 Wereblood                Tmut           8%         N/A       17%         2
 Spider Form              Tmut/Pois      6%         N/A       36%         3


Dungeon Overview and Level Annotations

Branches:
Dungeon (10/15)            Temple (1/1) D:5            Lair (3/6) D:9
  Swamp (0/4) Lair:2       Spider (0/4) Lair:3        Slime (0/5) Lair:6
    Orc (0/2) D:9

Altars:
Ashenzari
Cheibriados
Dithmenos
Elyvilon
Fedhas
Gozag
Hepliaklqana
Kikubaaqudgha
Makhleb
Nemelex Xobeh
Okawaru
Qazlal
Ru
Sif Muna
Trog
Uskayaw
Vehumet
Wu Jian
Xom
Yredelemnul
Zin
The Shining One

Shops:
D:3 !   D:9 *


Innate Abilities, Weirdness & Mutations

You are immune to sickness and miasma.
Your stone body is resilient. (AC +8)
You are immune to poison.
You resist negative energy. (rN+)
You are resistant to electric shocks. (rElec)
You are resistant to unholy torment.
You are immune to petrification.


Message History

The blink frog completely misses you.
You closely miss the blink frog.
The blink frog is severely wounded.
The blink frog hits you! x2
The blink frog hits you but does no damage.
You block the blink frog's attack.
You are too injured to fight recklessly!
You are too injured to fight recklessly!
You are too injured to fight recklessly!
You are too injured to fight recklessly!
Unknown command.
You sock the blink frog!
The blink frog seems to slow down.
You freeze the blink frog.
You kill the blink frog!
Vehumet accepts your kill. The blink frog closely misses you. x2
You sock the blink frog! You freeze the blink frog.
The blink frog is moderately wounded.
The blink frog hits you. The blink frog barely misses you.
You barely miss the blink frog.
The blink frog is moderately wounded.
The blink frog hits you but does no damage.
The blink frog blinks!
You are too injured to fight recklessly!
You are too injured to fight recklessly!
You rampage towards the blink frog!
You closely miss the blink frog.
The blink frog is moderately wounded.
The blink frog closely misses you.
The blink frog blinks!
You are too injured to fight recklessly!
The blink frog hits you!
You sock the blink frog! You freeze the blink frog.
The blink frog is severely wounded.
The blink frog hits you!
* * * LOW HITPOINT WARNING * * *
The blink frog hits you.
* * * LOW HITPOINT WARNING * * *
You hit the blink frog. You freeze the blink frog.
The blink frog is almost dead.
The blink frog barely misses you. The blink frog hits you!
You die...

*P.........P....#,,,,,,,
*#.(.............,,,,,,,
##...P.........P.,,,,,,,
##P.........P...#,,,,,,,,
#.....#.........#,,,,,,,,
##P..........(....,,,,,,,
##..#............,**,,,,
##..†..F.........*,,,,,,
*#...#..@........#,,,,,,,
#.#†###†...........,,,,,,
###..#.............,,,,,,
#..##P............,,,,,,
#..#..............,,,,,,
#P................,,,,,,
#.......†.........,,*,,,
#.................,,,,,,
#P................,,,,,,


You could see a blink frog.

Vanquished Creatures
  Gastronok (Lair:1)
  Fannar (Lair:1)
  3 hydras
  2 death yaks (Lair:1)
  An ugly thing (D:10)
  4 elephants (Lair:2)
  2 black mambas (Lair:1)
  A torpor snail (Lair:1)
  3 cane toads
  2 kobold demonologists (D:10)
  A rime drake (Lair:3)
  A yaktaur (D:10)
  4 komodo dragons
  2 trolls
  2 hornets
  A polar bear (Lair:6)
  3 blink frogs (Lair:6)
  2 jumping spiders (Lair:3)
  25 yaks
  A wraith (D:10)
  A basilisk (Lair:3)
  2 wyverns
  A steam dragon (D:9)
  Edmund (D:5)
  A naga (D:4)
  An acid dragon (D:9)
  3 sky beasts
  10 water moccasins
  5 orc warriors
  3 black bears
  A necrophage (D:5)
  2 ogres
  An ice beast (D:6)
  A phantom (D:5)
  5 centaurs
  8 kobold brigands
  7 bullfrogs
  2 scorpions
  4 gnoll sergeants
  A killer bee (D:7)
  11 wights
  An electric eel (Lair:1)
  A centaur zombie (D:8)
  A bullfrog zombie (D:5)
  2 jellies
  5 orc priests
  2 centaur skeletons
  Jessica (D:2)
  Ijyb (D:4)
  4 iguanas
  3 orc wizards
  A killer bee zombie (D:9)
  A howler monkey zombie (D:9)
  Robin (D:2)
  10 gnolls
  A howler monkey skeleton (D:7)
  2 adders
  2 ufetubi (D:5)
  A worm (D:3)
  2 dart slugs (D:2)
  18 orcs
  6 ball pythons
  8 bats
  4 endoplasms
  3 giant cockroaches
  14 goblins
  11 hobgoblins
  4 jackals (D:2)
  17 kobolds
  3 frilled lizards
  5 rats
268 creatures vanquished.

Vanquished Creatures (others)
  13 fungi
  12 plants
25 creatures vanquished.

Grand Total: 293 creatures vanquished

Notes
Turn   | Place    | Note
-------+----------+-------------------------------------------
     0 | D:1      | hikkokomori the Gargoyle Earth Elementalist began the quest
                  | for the Orb.
     0 | D:1      | Reached XP level 1. HP: 10/10 MP: 3/3
   154 | D:1      | Reached XP level 2. HP: 12/15 MP: 0/5
   245 | D:1      | Reached skill level 4 in Earth Magic
   675 | D:1      | Found a faded altar of an unknown god.
   907 | D:1      | Reached XP level 3. HP: 19/19 MP: 6/6
  1274 | D:2      | Noticed Robin
  1317 | D:2      | Killed Robin
  1495 | D:2      | Reached XP level 4. HP: 7/24 MP: 2/8
  1714 | D:2      | Reached skill level 5 in Earth Magic
  2303 | D:2      | Noticed Jessica
  2307 | D:2      | Killed Jessica
  2308 | D:2      | Reached XP level 5. HP: 28/28 MP: 10/10
  3602 | D:3      | Found Hemulu's Distillery.
  3609 | D:3      | Bought a potion of heal wounds for 65 gold pieces
  3609 | D:3      | Bought a potion of curing for 39 gold pieces
  3849 | D:4      | Noticed an ogre
  3865 | D:4      | Learned a level 3 spell: Stone Arrow
  3988 | D:3      | Reached skill level 6 in Earth Magic
  4232 | D:3      | Learned a level 2 spell: Passwall
  4256 | D:4      | Reached skill level 1 in Fighting
  4256 | D:4      | Reached XP level 6. HP: 14/34 MP: 12/12
  4551 | D:4      | Noticed Ijyb
  4559 | D:4      | Killed Ijyb
  4894 | D:4      | Noticed a naga
  4894 | D:4      | an ogre changed into a naga
  4906 | D:4      | HP: 1/36 [constriction (1)]
  4908 | D:4      | Killed a naga
  4909 | D:4      | Reached skill level 7 in Earth Magic
  4909 | D:4      | Reached XP level 7. HP: 2/41 MP: 10/13
  5928 | D:5      | Entered Level 5 of the Dungeon
  6066 | D:5      | Reached skill level 8 in Earth Magic
  6177 | D:5      | Found a staircase to the Ecumenical Temple.
  6185 | Temple   | Entered the Ecumenical Temple
  6211 | Temple   | Became a worshipper of Vehumet
  6291 | D:5      | Reached skill level 5 in Fighting
  6291 | D:5      | Reached XP level 8. HP: 41/49 MP: 14/14
  6971 | D:5      | Noticed Edmund
  6998 | D:5      | Killed Edmund
  6999 | D:5      | Reached skill level 9 in Earth Magic
  8428 | D:7      | Reached XP level 9. HP: 56/56 MP: 15/15
  8582 | D:7      | Reached skill level 5 in Stealth
  8983 | D:7      | Reached * piety under Vehumet
  8983 | D:7      | Offered knowledge of Foxfire by Vehumet.
  8986 | D:7      | Learned a level 1 spell: Foxfire
  9305 | D:8      | Reached skill level 1 in Conjurations
  9305 | D:8      | Reached skill level 1 in Fire Magic
  9936 | D:8      | Reached skill level 5 in Dodging
 10266 | D:8      | Reached XP level 10. HP: 61/61 MP: 6/16
 11156 | D:9      | Found Biloid's General Store.
 11164 | D:9      | Bought 15 stones for 18 gold pieces
 11164 | D:9      | Bought a wand of iceblast (4) for 96 gold pieces
 11164 | D:9      | Bought 9 stones for 10 gold pieces
 11439 | D:9      | Found a glowing silver altar of Zin.
 11464 | D:9      | Reached skill level 5 in Conjurations
 11874 | D:9      | Found a staircase to the Lair.
 11886 | D:9      | Found a staircase to the Orcish Mines.
 12008 | D:9      | Reached ** piety under Vehumet
 12008 | D:9      | Offered knowledge of Shock by Vehumet.
 12029 | D:9      | Reached skill level 5 in Fire Magic
 12770 | D:9      | Reached skill level 1 in Evocations
 13106 | D:10     | Entered Level 10 of the Dungeon
 13108 | D:10     | Noticed a kobold demonologist
 13111 | D:10     | Noticed a kobold demonologist
 13387 | D:10     | Noticed an orange demon
 13388 | D:10     | Killed a kobold demonologist
 13391 | D:10     | Killed a kobold demonologist
 13392 | D:10     | Reached XP level 11. HP: 61/67 MP: 9/17
 13790 | D:10     | Noticed a purple ugly thing
 13806 | D:10     | Killed a purple ugly thing
 14053 | Lair:1   | Entered Level 1 of the Lair of Beasts
 14194 | Lair:1   | Noticed a death yak
 14300 | Lair:1   | Noticed a death yak
 14610 | Lair:1   | Killed a death yak
 14611 | Lair:1   | Reached skill level 1 in Shields
 14627 | Lair:1   | Killed a death yak
 14821 | Lair:1   | Noticed a four-headed hydra
 14835 | Lair:1   | Killed a four-headed hydra
 14955 | Lair:1   | Offered knowledge of Scorch by Vehumet.
 14959 | Lair:1   | Learned a level 2 spell: Scorch
 15085 | Lair:1   | Noticed Gastronok
 15119 | Lair:1   | Killed Gastronok
 15120 | Lair:1   | Reached skill level 5 in Evocations
 15466 | Lair:1   | Identified the amulet of Jopamoos {Reflect Contam Rampage
                  | +Inv rPois SH+5}
 15482 | Lair:1   | Identified the +3 leather armour of Elyvilon's Favour {rF+}
 15564 | Lair:1   | Noticed Fannar
 15622 | Lair:1   | Killed Fannar
 15623 | Lair:1   | Reached skill level 5 in Shields
 15623 | Lair:1   | Reached XP level 12. HP: 9/76 MP: 16/18
 16357 | Lair:2   | Reached *** piety under Vehumet
 16491 | Lair:2   | Noticed a four-headed hydra
 16495 | Lair:2   | Killed a four-headed hydra
 16506 | Lair:2   | Reached skill level 10 in Earth Magic
 16509 | Lair:2   | Reached skill level 5 in Spellcasting
 16682 | Lair:2   | Noticed a six-headed hydra
 16690 | Lair:2   | Killed a six-headed hydra
 16847 | Lair:2   | Found a staircase to the Swamp.
 17515 | Lair:2   | Offered knowledge of Sticky Flame by Vehumet.
 18343 | Lair:3   | Reached skill level 11 in Earth Magic
 18529 | Lair:3   | Found a hole to the Spider Nest.
 18655 | Lair:3   | You fall into a shaft and drop 3 floors!
 18655 | Lair:6   | Entered Level 6 of the Lair of Beasts
 18850 | Lair:6   | Slain by a blink frog

Illustrated notes

Levels and vault maps discovered:
D:1:      dpeg_arrival_water_fire, layout_loops_ring,
          hellmonk_ecumenical_altar_leap_of_faith
D:2:      layout_basic, due_unseen_surprise, uniq_robin, uniq_jessica
D:3:      layout_loops_ring, serial_shops, nicolae_shop_trees,
          roderic_st_hans_cross, uniq_crazy_yiuf_cottage
D:4:      layout_gridville, minmay_manual_mares, uniq_ijyb
D:5:      lemuel_ice_spiral_2, layout_basic, minmay_temple_entry_butterflies,
          hangedman_glass_teeth, minmay_quadrilaterals, uniq_edmund
D:6:      layout_basic
D:7:      layout_cave_pools, kennysheep_dice
D:8:      layout_basic
D:9:      layout_loops_corners, marbit_many_paths, lair_entry_dummy,
          kennysheep_orc_monster_closet_entryway, serial_shops,
          nicolae_shop_temple_entry_statues_fountains, kennysheep_generic_room_9
D:10:     layout_irregular_city, small_chamber_with_monster, uniq_erolcha
Temple:   compressed_dpeg_circular_temple
Lair:1:   layout_chaotic_city, infiniplex_staircase_pool, grunt_megastairs_3,
          uniq_gastronok, uniq_fannar
Lair:2:   layout_big_grid, swamp_mist_pool, grunt_megastairs_5
Lair:3:   layout_big_grid, spider_nest_entry_a, minmay_shattered_shrine
Lair:6:   evilmike_catoblepas_cave, layout_gridlike, slime_altar_1,
          eino_small_chamber_without_monster, uniq_sonja

Skill      XL: |  1  2  3  4  5  6  7  8  9 10 11 12 |
---------------+-------------------------------------+-----
Earth Magic    | 4 5 6 7 8 9 11 | 11.5
Spellcasting   | 3 4 6 |  6.6
Fighting       | 1 3 5 6 7 9 |  9.3
Dodging        | 3 5 6 7 |  7.2
Stealth        | 4 6 |  6.1
Conjurations   | 3 6 7 8 |  8.0
Fire Magic     | 3 5 6 |  6.4
Evocations     | 2 5 |  5.4
Shields        | 5 6 |  6.1
Transmutations | |  0.7

Action                   |  1- 3 |  4- 6 |  7- 9 | 10-12 || total
-------------------------+-------+-------+-------+-------++-------
Melee: Unarmed           |    10 |       |       |       ||    10
       Short sword       |    46 |    56 |       |       ||   102
       Flail             |       |    42 |    45 |       ||    87
       Punch             |       |     1 |     2 |     3 ||     6
       Whip              |       |       |    70 |    32 ||   102
       Mace              |       |       |       |   153 ||   153
 Cast: Sandblast         |    27 |    75 |    26 |    33 ||   161
       Stone Arrow       |       |     1 |    87 |   254 ||   342
       Passwall          |       |       |       |     2 ||     2
Evoke: Wand              |       |     1 |       |     5 ||     6
       Lightning rod     |       |       |       |     4 ||     4
  Use: Potion            |       |     2 |       |     4 ||     6
       Scroll            |       |       |    11 |    13 ||    24
 Stab: Sleeping          |     2 |     3 |     1 |     4 ||    10
Armor: Robe              |    23 |    50 |    63 |   115 ||   251
       Skin              |       |     4 |       |       ||     4
Dodge: Dodged            |    43 |    82 |    91 |   196 ||   412
Block: Buckler           |       |       |       |    75 ||    75
